 Dungeon Crawl Stone Soup version 0.30-b1-2-g02819fbbbe (webtiles) character file.

Game seed: 15929095597881017226

16 Ashen the Caller (level 2, 0/24 HPs)
             Began as an Ogre Summoner on Sept 7, 2023.
             Succumbed to an adder's poison
             ... on level 2 of the Dungeon.
             The game lasted 00:01:54 (601 turns).

Ashen the Caller (Ogre Summoner)                     Turns: 601, Time: 00:01:55

Health: 0/24       AC:  3    Str: 11    XL:     2   Next: 58%
Magic:  2/5        EV: 10    Int: 16    God:
Gold:   58         SH:  0    Dex:  9    Spells: 3/6 levels left

rFire   . . .        (no weapon)
rCold   . . .        (no shield)
rNeg    . . .        a - +0 robe
rPois   .            (helmet restricted)
rElec   .            (no cloak)
rCorr   .            (gloves unavailable)
SInv    .            (boots unavailable)
Will    .....        (no amulet)
Stlth   ++           (no ring)
HPRegen 0.24/turn    (no ring)
MPRegen 0.09/turn

%: no passive effects
@: lethally poisoned (0 -> -5)
A: large, unfitting armour, tough skin 1
a: no special abilities


You were on level 2 of the Dungeon.
You visited 1 branch of the dungeon, and saw 2 of its levels.

You collected 58 gold pieces.

Inventory:

Armour
 a - a +0 robe (worn)
Scrolls
 d - a scroll of silence {unknown}
 h - a scroll of torment {unknown}
Potions
 b - a potion of magic
 c - a potion of might {unknown}
 e - a potion of attraction {unknown}
 f - a potion of curing {unknown}
 g - a potion of ambrosia {unknown}


   Skills:
 + Level 2.1 Dodging
 + Level 1.6 Stealth
 + Level 2.7 Spellcasting
 + Level 3.8 Summonings


You had 3 spell levels left.
You knew the following spells:

 Your Spells              Type           Power      Damage    Failure   Level
a - Summon Small Mammal   Summ           56%        N/A       4%          1
b - Call Imp              Summ           28%        N/A       6%          2

Your spell library contained the following spells:

 Spells                   Type           Power      Damage    Failure   Level
 Call Canine Familiar     Summ           14%        N/A       12%         3
 Summon Guardian Golem    Hex/Summ       8%         N/A       26%         3
 Summon Lightning Spire   Summ/Air       8%         N/A       65%         4


Dungeon Overview and Level Annotations

Branches:
Dungeon (2/15)

Altars:


Innate Abilities, Weirdness & Mutations

You are too large for most types of armour.
You have tough skin. (AC +1)


Message History

Your rat bites the adder.
Your cerulean imp closely misses the adder.
Unknown command.
You closely miss the adder.
The adder is heavily wounded.
You feel sick. The adder bites you.
Your quokka bites the adder.
The adder barely misses your cerulean imp.
Your cerulean imp misses the adder.
Your rat closely misses the adder.
You closely miss the adder.
The adder is heavily wounded.
You feel sick. The adder bites you.
You are lethally poisoned!
The adder poisons you!
Your quokka barely misses the adder.
The adder barely misses your cerulean imp.
The adder closely misses you.
The adder barely misses your cerulean imp.
Your cerulean imp barely misses the adder.
Your rat closely misses the adder.
Your quokka bites the adder but does no damage.
You barely miss the adder.
The adder is heavily wounded.
* * * LOW HITPOINT WARNING * * *
You feel very sick. The adder bites you but does no damage.
The adder bites your cerulean imp.
Your cerulean imp is poisoned.
The adder poisons your cerulean imp!
Your quokka bites the adder but does no damage.
Your cerulean imp hits the adder but does no damage.
Your rat misses the adder. You barely miss the adder.
The adder is heavily wounded.
* * * LOW HITPOINT WARNING * * *
You feel sick. The adder bites you.
* * * LOW HITPOINT WARNING * * *
The adder barely misses your cerulean imp.
Your quokka closely misses the adder.
Your cerulean imp misses the adder.
Your rat bites the adder.
You barely miss the adder.
The adder is severely wounded.
You die...

# ###.
#.#.#
#...#
#.#.####
#.....+
#S@#
#..r#r#
#.!. #.#
##. #5#
.. #S#
.. ..# #
####


You could see 2 adders, a friendly cerulean imp (summoned, poisoned), a friendly
quokka (summoned) and a friendly rat (summoned).

Vanquished Creatures
  A ball python (D:1)
  A goblin (D:1)
  A rat (D:1)
3 creatures vanquished.

Vanquished Creatures (collateral kills)
  An endoplasm (D:1)
  A giant cockroach (D:1)
  2 goblins (D:1)
  2 hobgoblins (D:1)
  2 ball pythons (D:1)
  A bat (D:1)
  2 kobolds (D:1)
  A rat (D:1)
12 creatures vanquished.

Grand Total: 15 creatures vanquished

Notes
Turn   | Place    | Note
-------+----------+-------------------------------------------
     0 | D:1      | Ashen the Ogre Summoner began the quest for the Orb.
     0 | D:1      | Reached XP level 1. HP: 16/16 MP: 3/3
   228 | D:1      | Reached XP level 2. HP: 18/24 MP: 1/5
   301 | D:1      | Learned a level 2 spell: Call Imp
   601 | D:2      | Succumbed to an adder's poison

Illustrated notes

Levels and vault maps discovered:
D:1:      onia_arrival_mini_spirals, layout_rooms
D:2:      layout_loops_corners, uniq_robin

Skill      XL: |  1 |
---------------+----+-----
Dodging        | 2 |  2.1
Stealth        | |  1.6
Spellcasting   | |  2.7
Summonings     | |  3.8

Action                     || total
---------------------------++-------
  Melee: Unarmed           ||    60
   Cast: Summon Small Mamm ||    14
         Call Imp          ||     3
 Armour: Robe              ||    26
  Dodge: Dodged            ||    37
